 Dungeon Crawl Stone Soup version 0.31-a0-986-g5e6e4ef867 (webtiles) character file.

Game seed: 8784702460832850684

49 Skeral the Chopper (level 3, -4/34 HPs)
             Began as a Minotaur Cinder Acolyte on Nov 11, 2023.
             Was a High Priest of Ignis.
             Slain by a gnoll
             ... wielding a +0 spear
              (6 damage)
             ... on level 2 of the Dungeon.
             The game lasted 00:01:59 (1310 turns).

Skeral the Chopper (Minotaur Cinder Acolyte)        Turns: 1310, Time: 00:01:59

Health: -4/34      AC:  2    Str: 20    XL:     3   Next: 53%
Magic:  3/3        EV: 11    Int: 17    God:    Ignis [*****.]
Gold:   144        SH:  0    Dex:  5    Spells: 4/4 levels left

rFire   + . .        d - +0 hand axe (freeze)
rCold   . . .        (no shield)
rNeg    . . .        b - +0 robe
rPois   .            (helmet restricted)
rElec   .            (no cloak)
rCorr   .            (no gloves)
SInv    .            (no boots)
Will    .....        (no amulet)
Stlth   +            I - +6 ring of intelligence
HPRegen 0.25/turn    (no ring)
MPRegen 0.08/turn

%: no passive effects
@: no status effects
A: horns 2, retaliatory headbutt
a: Renounce Religion, Fiery Armour, Foxfire Swarm, Rising Flame


You were on level 2 of the Dungeon.
You worshipped Ignis.
Ignis was extremely pleased with you.
You visited 1 branch of the dungeon, and saw 2 of its levels.

You collected 144 gold pieces.


Innate Abilities, Weirdness & Mutations

You have a pair of horns on your head.
You reflexively headbutt those who attack you in melee.


   Skills:
 + Level 4.7 Fighting
 + Level 4.7 Axes
 - Level 1.0 Spellcasting
 - Level 2.1 Fire Magic


You had 4 spell levels left.
You didn't know any spells.
Your spell library contained the following spells:

 Spells                   Type           Power      Damage    Failure   Level
 Scorch                   Fire           16%        2d5       13%         2
 Cigotuvi's Dreadful Rot  Necr/Pois/Air  0%         N/A       32%         2
 Ignite Poison            Fire/Tmut/Pois 3%         N/A       43%         3
 Summon Ice Beast         Ice/Summ       0%         N/A       91%         4
 Freezing Cloud           Conj/Ice/Air   0%         6-21      99%         5
 Summon Mana Viper        Hex/Summ       0%         N/A       99%         5
 Monstrous Menagerie      Summ           0%         N/A       100%        7

Inventory:

Hand Weapons
 a - a -1 hand axe of flaming
 d - a +0 hand axe of freezing (weapon)
   (You found it on level 1 of the Dungeon)
Armour
 b - a +0 robe (worn)
Jewellery
 I - a +6 ring of intelligence (left hand)
   (You took it off a hobgoblin on level 2 of the Dungeon)
Scrolls
 c - a scroll of silence {unknown}
 e - a scroll of identify {unknown}
 f - a scroll of brand weapon {unknown}
 g - a scroll of blinking {unknown}
Potions
 h - 2 potions of might {unknown}
 i - a potion of enlightenment {unknown}
 j - a potion of mutation {unknown}

Dungeon Overview and Level Annotations

Branches:
Dungeon (2/15) Zot: 10683

Altars:
Nemelex Xobeh

##>#...#####....
#....####.....##
##...####..####..
#...............#
##.#..############
#..##...### #
#.###.....### ##
#.# ###.....#####.
#@# ####.<##....
#)# ##....### #g#
#######..### #..
........†### # #.#
########...### #.#
##..... #.# ##....
### ####...
#......


You could see a gnoll.


Message History

The bat hits you but does no damage. The bat hits you but does no damage.
You miss the bat. Your headbutt misses the bat. The bat barely misses you.
You furiously retaliate!
You headbutt the bat!
You kill the bat! 😕 HP[+1]
Found a stone staircase leading down. 😕 HP[+1]
There is a stone staircase leading up here.
You now have 144 gold pieces (gained 14). 😕 HP[+1]
j - a cyan potion 😎 HP[+1]
Your hp is fully restored (34).
Found a stone staircase leading down.
There is a stone staircase leading down here.
Found a stone staircase leading up.
A ball python comes into view.
A ball python is nearby!
You hit the ball python. You freeze the ball python.
You kill the ball python!
You see here a ball python corpse.
There is a stone staircase leading up here.
Found a stone staircase leading down.
A kobold comes into view. It is wielding a +0 dagger.
The kobold throws a stone.
The stone closely misses you.
The kobold throws a stone.
The stone barely misses you.
A goblin comes into view. It is wielding a +0 dagger.
The goblin shouts!
The kobold throws a stone.
The stone closely misses you.
A bat comes into view.
You see here a +0 dagger.
The goblin closely misses you. You furiously retaliate!
You headbutt the goblin, but do no damage.
You barely miss the goblin. You closely miss the kobold.
The bat closely misses you. The kobold hits you with a +0 dagger.
The goblin hits you with a +0 dagger. 😕 HP[-5]
You take 5 damage, and now have 29/34 hp.
You closely miss the goblin. You closely miss the bat. You hit the kobold.
You freeze the kobold.
You kill the kobold!
The bat hits you but does no damage.
The goblin hits you with a +0 dagger. 😕 HP[-3]
You take 3 damage, and now have 26/34 hp.
You slash the goblin! You freeze the goblin.
You kill the goblin!
The bat hits you but does no damage.
You barely miss the bat. Your headbutt misses the bat. The bat hits you.
The bat hits you but does no damage.
You closely miss the bat. You headbutt the bat.
You kill the bat!
Things that are here:
a +0 dagger; a goblin corpse
Things that are here:
a +0 dagger; 5 stones You see here a +0 mace.
You pick up a Trismegistus Codex and begin reading...
You add the spells Cigotuvi's Dreadful Rot, Ignite Poison and Freezing Cloud to your library. 😎 HP[+8]
Your hp is fully restored (34).
h - 2 viscous inky potions (gained 1)
You see here a +0 scale mail.
There is a sparkling altar of Nemelex Xobeh here.
You see here a frilled lizard skeleton. 2 gnolls come into view.
The gnoll shouts!
You hear a shout!
A gnoll comes into view. It is wielding a +0 spear.
The gnoll shouts!
You hit the gnoll but do no damage. You headbutt the gnoll!
The gnoll hits you with a +0 club!
The gnoll hits you from afar with a +0 spear. 😮 HP[-9]
You take 9 damage, and now have 25/34 hp.
MASSIVE DAMAGE!! (PAUSE)
You slash the gnoll! You freeze the gnoll.
You kill the gnoll!
The gnoll hits you from afar with a +0 spear!
* * * LOW HITPOINT WARNING * * *
😨 HP[-8]
You take 8 damage, and now have 17/34 hp.
MASSIVE DAMAGE!! (PAUSE)
The gnoll hits you with a +0 spear.
* * * LOW HITPOINT WARNING * * *
The gnoll hits you from afar with a +0 spear.
* * * LOW HITPOINT WARNING * * *
You see here a +0 club. 😨 HP[-8]
You take 8 damage, and now have 9/34 hp.
MASSIVE DAMAGE!! (PAUSE)
You slash the gnoll! You freeze the gnoll. The gnoll hits you with a +0 spear!
* * * LOW HITPOINT WARNING * * *
The gnoll closely misses you. 😱 HP[-7]
You take 7 damage, and now have 2/34 hp.
MASSIVE DAMAGE!! (PAUSE)
You hit the gnoll. You freeze the gnoll.
You kill the gnoll!
The gnoll hits you from afar with a +0 spear.
You die...

Skill      XL: |  1 |
---------------+----+-----
Fighting       | 4 |  4.7
Axes           | 4 |  4.7
Spellcasting   | |  1.0
Fire Magic     | |  2.1

Action                     || total
---------------------------++-------
  Melee: Hand axe          ||    62
         Headbutt          ||     7
 Armour: Robe              ||    44
  Dodge: Dodged            ||    37

Levels and vault maps discovered:
D:1:      psy_arrival_heroes, layout_basic, dreamdust_wishing_well
D:2:      layout_rooms, basic_altar

Notes
Turn   | Place    | Note
-------+----------+-------------------------------------------
     0 | D:1      | Skeral the Minotaur Cinder Acolyte began the quest for the
                  | Orb.
     0 | D:1      | Reached XP level 1. HP: 19/19 MP: 1/1
     0 | D:1      | magus.rc [v1.10.3]
   310 | D:1      | Reached skill level 4 in Fighting
   310 | D:1      | Reached skill level 4 in Axes
   310 | D:1      | Reached XP level 2. HP: 27/27 MP: 2/2
   656 | D:1      | You pick up a book of Beasts and begin reading...
   656 | D:1      | You add the spells Summon Ice Beast, Summon Mana Viper and
                  | Monstrous Menagerie to your library.
   936 | D:2      | Found a sparkling altar of Nemelex Xobeh.
   981 | D:2      | Reached XP level 3. HP: 33/34 MP: 3/3
  1214 | D:2      | You add the spells Cigotuvi's Dreadful Rot, Ignite Poison
                  | and Freezing Cloud to your library.
  1309 | D:2      | HP: 2/34 [gnoll/+0 spear (7)]
  1310 | D:2      | Slain by a gnoll

Vanquished Creatures
  2 gnolls (D:2)
  An adder (D:2)
  A dart slug (D:2)
  3 ball pythons
  2 bats (D:2)
  An endoplasm (D:2)
  3 goblins
  3 hobgoblins
  A quokka (D:1)
  3 frilled lizards
  5 kobolds
  4 rats
29 creatures vanquished.

Table legend:
 A = Non-vault XP
 B = Vault XP
 C = Vault XP percentage of total XP
 D = Non-vault monster count
 E = Vault monster count
 F = Vault count percentage of total count
                 A         B        C        D         E       F
            +---------+---------+-------+---------+---------+-------
      Total |      85 |       0 |   0.0 |      29 |       0 |   0.0
            +---------+---------+-------+---------+---------+-------
        D:1 |      18 |       0 |   0.0 |      11 |       0 |   0.0
        D:2 |      67 |       0 |   0.0 |      18 |       0 |   0.0
            +---------+---------+-------+---------+---------+-------

Skill      XL: |  1 |
---------------+----+-----
Fighting       | 4 |  4.7
Axes           | 4 |  4.7
Spellcasting   | |  1.0
Fire Magic     | |  2.1

Action                     || total
---------------------------++-------
  Melee: Hand axe          ||    62
         Headbutt          ||     7
 Armour: Robe              ||    44
  Dodge: Dodged            ||    37

Illustrated notes

Table legend:
 A = Kills in this place as a percentage of kills in the entire game.
 B = Kills by you in this place as a percentage of kills by you in the entire game.
 C = Kills by friends in this place as a percentage of kills by friends in the entire game.
 D = Other kills in this place as a percentage of other kills in the entire game.
 E = Experience gained in this place as a percentage of experience gained in the entire game.
 F = Experience gained in this place divided by the number of levels of this place that you have seen.
                   A       B       C       D       E      F
               +-------+-------+-------+-------+-------+----------------------
         Total | 100.0 | 100.0 |   N/A |   N/A | 100.0 |  42.5
       Dungeon | 100.0 | 100.0 |   N/A |   N/A | 100.0 |  42.5
               +-------+-------+-------+-------+-------+----------------------

Table legend: (Time is in decaauts)
 A = Elapsed time spent in this place.
 B = Non-inter-level travel time spent in this place.
 C = Inter-level travel time spent in this place.
 D = Time resting spent in this place.
 E = Time spent auto-exploring this place.
 F = Levels seen in this place.
 G = Mean time per level.
                   A        B        C        D        E       F      G
               +--------+--------+--------+--------+--------+-----+--------+
         Total |   1315 |   1298 |     17 |     58 |    963 |   2 |  657.5 |
       Dungeon |   1315 |   1298 |     17 |     58 |    963 |   2 |  657.5 |
               +--------+--------+--------+--------+--------+-----+--------+

Top non-repeatable levels by time:
     D:1: 859 daAuts
     D:2: 455 daAuts
